 Dungeon Crawl Stone Soup version 0.31.0-11-ge490571c62 (webtiles) character file.

Game seed: 3428473072887313364

38 qw the Shooter (level 3, 0/18 HPs)
             Began as a Spriggan Hunter on Feb 4, 2024.
             Slain by a goblin
             ... wielding a +0 club
             ... led by Robin
              (5 damage)
             ... on level 2 of the Dungeon.
             The game lasted 00:00:02 (198 turns).

qw the Shooter (Spriggan Hunter)                     Turns: 198, Time: 00:00:02

Health: 0/18       AC:  2    Str:  7    XL:     3   Next: 25%
Magic:  4/4        EV: 19    Int: 10    God:
Gold:   39         SH:  0    Dex: 20    Spells: 2/2 levels left

rFire   . . .        a - +0 shortbow
rCold   . . .        (shield currently unavailable)
rNeg    . . .        c - +0 robe
rPois   .            (helmet restricted)
rElec   .            (no cloak)
rCorr   .            (gloves unavailable)
SInv    +            (boots unavailable)
Will    .....        (no amulet)
Stlth   ++           (no ring)
HPRegen 0.23/turn    (no ring)
MPRegen 0.09/turn

%: no passive effects
@: very quick
A: very small, no large weapons, unfitting armour, see invisible, speed 3
a: no special abilities


You were on level 2 of the Dungeon.
You visited 1 branch of the dungeon, and saw 2 of its levels.

You collected 39 gold pieces.


Innate Abilities, Weirdness & Mutations

You are very small and have problems with some larger weapons.
You are too small for most types of armour.
You have supernaturally acute eyesight. (SInv)
You cover ground extremely quickly. (Speed+++)


   Skills:
 - Level 1.5 Fighting
 + Level 4.5 Ranged Weapons
 - Level 4.1 Dodging
 - Level 1.5 Stealth


You had 2 spell levels left.
You didn't know any spells.
Your spell library was empty.

Inventory:

Hand Weapons
 a - a +0 shortbow (weapon)
Armour
 c - a +0 robe (worn)
Scrolls
 b - a scroll of butterflies
 d - a scroll of noise {unknown}
 e - a scroll of vulnerability {unknown}
 f - a scroll of enchant weapon {unknown}
 g - a scroll of immolation {unknown}
 h - a scroll of poison {unknown}
Potions
 i - a potion of brilliance {unknown}

Dungeon Overview and Level Annotations

Branches:
Dungeon (1/15)

Altars:

Annotations:
D:2 Robin


Message History

Robin is heavily wounded.
Robin completely misses you. The hobgoblin closely misses you.
The hobgoblin hits you.
You shoot an arrow. The arrow hits the hobgoblin.
The hobgoblin is almost dead.
Robin closely misses you. The hobgoblin barely misses you.
The hobgoblin closely misses you.
You shoot an arrow. The arrow hits the hobgoblin!
You kill the hobgoblin!
Robin hits you but does no damage. The hobgoblin closely misses you.
You shoot an arrow. The arrow hits the hobgoblin.
The hobgoblin is almost dead.
Robin barely misses you.
You shoot an arrow. The arrow hits the hobgoblin.
You kill the hobgoblin!
Robin misses you.
You shoot an arrow. The arrow closely misses the hobgoblin.
The arrow hits Robin but does no damage.
Robin is heavily wounded.
The goblin no longer looks unusually strong.
The hobgoblin no longer looks unusually strong.
Robin barely misses you. The hobgoblin misses you.
The goblin completely misses you. The hobgoblin closely misses you.
Robin throws the goblin at you!
You shoot an arrow. The arrow barely misses the hobgoblin.
The arrow closely misses Robin.
The goblin hits you with a +0 club.
Robin hits you from afar with a +0 spear.
The hobgoblin barely misses you.
You shoot an arrow. The arrow closely misses the hobgoblin.
The arrow hits Robin but does no damage.
Robin is heavily wounded.
The goblin barely misses you.
Robin roars a battlecry!
The goblins go into a battle-frenzy!
The hobgoblin closely misses you.
You shoot an arrow. The arrow hits the hobgoblin.
You kill the hobgoblin!
The goblin hits you with a +0 club.
You die... ... ... # .##..# .g ..#..### .gg

........ #... ........
..).. .#..#...## ##.)...
.>..# #..##########.......
....####.......g@)g.......
#............####..#####.
.....##.####.###..##
#...###....).>...## ....#
#####[.###..# ...####
##..... ..
......########.##
.#.##..........#
#.(#####.......#


You could see Robin and a goblin (strong).

Vanquished Creatures
  An adder (D:2)
  A ribbon worm (D:2)
  A ball python (D:2)
  An endoplasm (D:2)
  6 goblins (D:2)
  4 hobgoblins (D:2)
  4 jackals (D:2)
  3 bats (D:2)
  A frilled lizard (D:1)
  A kobold (D:1)
23 creatures vanquished.

Notes
Turn   | Place    | Note
-------+----------+-------------------------------------------
     0 | D:1      | qw the Spriggan Hunter began the quest for the Orb.
     0 | D:1      | Reached XP level 1. HP: 10/10 MP: 2/2
     0 | D:1      | 0 ||| qw: Version: 0.3-a-160-g6735b56
     0 | D:1      | 0 ||| qw: Game counter: 5736
     0 | D:1      | 0 ||| qw: Melee chars always use a shield: true
     0 | D:1      | 0 ||| qw: God list: Okawaru
     0 | D:1      | 0 ||| qw: Allow faded altars: false
     0 | D:1      | 0 ||| qw: Do Orc after clearing Dungeon:15 true
     0 | D:1      | 0 ||| qw: Do second Lair branch before Depths: true
     0 | D:1      | 0 ||| qw: Lair rune preference: random
     0 | D:1      | 0 ||| qw: Goals: Normal
     0 | D:1      | 0 ||| PLANNING D:1-11
    35 | D:1      | You fall into a shaft and drop 1 floor!
    43 | D:2      | Reached skill level 3 in Dodging
    43 | D:2      | Reached XP level 2. HP: 14/14 MP: 3/3
   169 | D:2      | 169 ||| RETREEEEATING.
   172 | D:2      | 172 ||| RETREEEEATING.
   174 | D:2      | Reached XP level 3. HP: 18/18 MP: 4/4
   180 | D:2      | Noticed Robin
   198 | D:2      | Slain by a goblin

Levels and vault maps discovered:
D:1:      dpeg_arrival_leaves_temple_mockup, layout_basic,
          basic_ecumenical_altar
D:2:      layout_rooms, minmay_misc_feat_pillars, uniq_robin

Skill      XL: |  1  2 |
---------------+-------+-----
Dodging        | 3 4 |  4.1
Fighting       | |  1.5
Ranged Weapons | |  4.5
Stealth        | |  1.5

Action                     || total
---------------------------++-------
   Fire: Shortbow          ||    76
 Armour: Robe              ||    18
  Dodge: Dodged            ||    56

Table legend:
 A = Non-vault XP
 B = Vault XP
 C = Vault XP percentage of total XP
 D = Non-vault monster count
 E = Vault monster count
 F = Vault count percentage of total count
                 A         B        C        D         E       F
            +---------+---------+-------+---------+---------+-------
      Total |      39 |      18 |  31.6 |      14 |       9 |  39.1
            +---------+---------+-------+---------+---------+-------
        D:1 |       2 |       0 |   0.0 |       2 |       0 |   0.0
        D:2 |      37 |      18 |  32.7 |      12 |       9 |  42.9
            +---------+---------+-------+---------+---------+-------
